 Dungeon Crawl Stone Soup version 0.30-a0-800-g7c544603b3 (webtiles) character file.

Game seed: 8137270924164799155

604 sasquatch the Shooter (level 7, -2/43 HPs)
             Began as a Barachi Hexslinger on Feb 22, 2023.
             Slain by a wyvern zombie (10 damage)
             ... on level 6 of the Dungeon.
             The game lasted 00:12:12 (4565 turns).

sasquatch the Shooter (Barachi Hexslinger)          Turns: 4565, Time: 00:12:12

Health: -2/43      AC:  4    Str: 11    XL:     7   Next: 42%
Magic:  8/8        EV: 12    Int: 12    God:
Gold:   310        SH:  0    Dex: 18    Spells: 1/8 levels left

rFire   + . .      SeeInvis .    a - +0 longbow
rCold   . . .      Faith    .    (shield currently unavailable)
rNeg    . . .      Spirit   .    s - +0 leather armour
rPois   .          Reflect  .    q - +0 helmet
rElec   .          Harm     .    (no cloak)
rCorr   .          Rampage  .    (no gloves)
Will    .....                    (no boots)
Stlth   ++                       (no amulet)
HPRegen 0.27/turn                (no ring)
MPRegen 0.11/turn                (no ring)

@: about to teleport, unable to hop, slow
A: amphibious, slowness 1, strong legs 1, +LOS, agile 1, fire resistance 1,
frail 1, sturdy frame 1
a: Hop


You were on level 6 of the Dungeon.
You visited 1 branch of the dungeon, and saw 6 of its levels.

You collected 310 gold pieces.

Inventory:

Hand Weapons
 a - a +0 longbow (weapon)
 b - a +2 dagger of venom
 i - a +1 sling
Missiles
 o - 2 boomerangs of dispersal
 r - 11 poisoned darts
Armour
 q - a +0 helmet (worn)
 s - a +0 leather armour (worn)
Magical Staves
 c - a staff of air
Jewellery
 d - an amulet of reflection
Wands
 u - a wand of flame (33)
 y - a wand of mindburst (17)
Scrolls
 e - 2 scrolls of teleportation
 f - 4 scrolls of amnesia
 h - a scroll of vulnerability {unknown}
 k - 2 scrolls of blinking {unknown}
 m - a scroll of noise {unknown}
 t - a scroll of enchant weapon {unknown}
 v - a scroll of enchant armour {unknown}
 w - a scroll of fog {unknown}
 x - a scroll of poison
Potions
 g - 3 potions of mutation
 j - 4 potions of curing
 l - 3 potions of cancellation
 n - 2 potions of invisibility {unknown}
 p - 2 potions of might {unknown}
 z - a potion of haste {unknown}
 A - a potion of heal wounds {unknown}


   Skills:
 - Level 1.2 Fighting
 * Level 5.8 Ranged Weapons
 - Level 2.1 Dodging
 - Level 1.1 Spellcasting
 + Level 5.6 Hexes
 + Level 3.6 Translocations


You had one spell level left.
You knew the following spells:

 Your Spells              Type           Power      Damage    Failure   Level
a - Slow                  Hex            56%        N/A       3%          1
b - Portal Projectile     Hex/Tloc       22%        N/A       14%         3
c - Confusing Touch       Hex            14%        N/A       10%         3

Your spell library contained the following spells:

 Spells                   Type           Power      Damage    Failure   Level
 Kiss of Death            Conj/Necr      0%         2d5       32%         1
 Necrotise                Necr           0%         1d4       32%         1
 Inner Flame              Hex/Fire       7%         N/A       30%         3
 Cause Fear               Hex            7%         N/A       32%         4
 Frozen Ramparts          Ice            0%         1d1       67%         3
 Stone Arrow              Conj/Erth      0%         3d7       67%         3
 Vampiric Draining        Necr           0%         2d6       67%         3
 Leda's Liquefaction      Hex/Erth       3%         N/A       71%         4
 Dispel Undead            Necr           0%         3d6       97%         4
 Ice Form                 Ice/Tmut       0%         N/A       97%         4
 Petrify                  Tmut/Erth      0%         N/A       97%         4
 Summon Ice Beast         Ice/Summ       0%         N/A       97%         4
 Agony                    Necr           0%         N/A       100%        5
 Shatter                  Erth           0%         3d5*      100%        9


Dungeon Overview and Level Annotations

Branches:
Dungeon (6/15)
 Temple: D:4-7

Altars:
Ashenzari
Uskayaw


Innate Abilities, Weirdness & Mutations

You are amphibious.
You cover ground slowly.
You can hop short distances.
You have an extended range of vision and can be seen from far away.
You are agile. (Dex +4, Str/Int -1)
Your flesh is heat resistant. (rF+)
You are frail. (-10% HP)
Your movements are slightly less encumbered by armour. (ER -2)


Message History

You feel sick.
Hop to where?
Press: ? - help, Dir - move target, p - wyvern zombie Boing!
You feel sick.
You feel better.
Fire: a) +0 longbow
Press: ? - help, Q - select action, (/) - cycle Shift-Dir - straight line, f - wyvern zombie
Aim: a wyvern zombie (moderately damaged, 79% to hit)
Okay, then.
Okay, then.
Fire: a) +0 longbow
Press: ? - help, Q - select action, (/) - cycle Shift-Dir - straight line, f - wyvern zombie
Aim: a wyvern zombie (moderately damaged, 79% to hit)
You shoot an arrow. The arrow hits the wyvern zombie!
The wyvern zombie is severely damaged.
The wyvern zombie bites you!
Fire: a) +0 longbow
Press: ? - help, Q - select action, (/) - cycle Shift-Dir - straight line, f/p - wyvern zombie
Aim: a wyvern zombie (severely damaged, 79% to hit)
You shoot an arrow. The arrow hits the wyvern zombie!
The wyvern zombie is almost destroyed.
The wyvern zombie barely misses you. The wyvern zombie bites you.
Fire: a) +0 longbow
Press: ? - help, Q - select action, (/) - cycle Shift-Dir - straight line, f/p - wyvern zombie
Aim: a wyvern zombie (almost destroyed, 79% to hit)
You shoot an arrow. The arrow hits the wyvern zombie!
You destroy the wyvern zombie!
The centaur zombie hits you. The centaur zombie closely misses you.
Fire: a) +0 longbow
Press: ? - help, Q - select action, (/) - cycle Shift-Dir - straight line, f - centaur zombie
Aim: a centaur zombie (almost destroyed, 90% to hit)
You shoot an arrow. The arrow hits the centaur zombie!
You destroy the centaur zombie!
The wyvern zombie bites you!
* * * LOW HITPOINT WARNING * * *
As you read the scroll of teleportation, it crumbles to dust.
You feel strangely unstable. The wyvern zombie bites you.
* * * LOW HITPOINT WARNING * * *
The wyvern zombie bites you!
You die...

#..>##########.#####
#.#................#
..#.#########..###.#
###.## #..§PP.#
#...# #.P§§P.# ##..#
##.P§..# ##.#
#P...## #<#
#.######### #.#
#.Z@......# #.#
#Z#######.# #.#
##.## ... ##...# ..#
##.###.# ..###.##†##
#.# ....[..<..# ...
..........# ###
##.##.#.#.


You could see a wyvern zombie and a howler monkey zombie.

Vanquished Creatures
  Menkaure (D:5)
  An ogre (D:4)
  A scorpion (D:5)
  A wyvern zombie (D:6)
  A centaur zombie (D:6)
  A hound (D:5)
  A howler monkey zombie (D:6)
  9 adders
  A howler monkey skeleton (D:6)
  2 ufetubi (D:5)
  4 worms
  A dart slug (D:5)
  9 orcs
  6 bats
  6 endoplasms
  6 giant cockroaches
  8 goblins
  10 hobgoblins
  6 jackals
  5 quokkas
  5 ball pythons
  6 frilled lizards
  5 kobolds
  5 rats
101 creatures vanquished.

Notes
Turn   | Place    | Note
-------+----------+-------------------------------------------
     0 | D:1      | sasquatch the Barachi Hexslinger began the quest for the
                  | Orb.
     0 | D:1      | Reached XP level 1. HP: 15/15 MP: 2/2
    99 | D:1      | Reached XP level 2. HP: 15/21 MP: 3/3
   523 | D:1      | Reached XP level 3. HP: 26/26 MP: 4/4
   855 | D:1      | Learned a level 3 spell: Portal Projectile
  1017 | D:2      | Gained mutation: You are frail. (-10% HP) [potion of
                  | mutation]
  1017 | D:2      | Gained mutation: You are agile. (Dex +4, Str/Int -1)
                  | [potion of mutation]
  1017 | D:2      | Gained mutation: Your movements are slightly less
                  | encumbered by armour. (ER -2) [potion of mutation]
  1017 | D:2      | Gained mutation: Your flesh is heat resistant. (rF+)
                  | [potion of mutation]
  1308 | D:2      | Found a faded altar of an unknown god.
  1476 | D:2      | Reached XP level 4. HP: 28/28 MP: 5/5
  1481 | D:2      | Reached skill level 1 in Translocations
  2716 | D:3      | Reached XP level 5. HP: 33/33 MP: 6/6
  3033 | D:4      | Noticed an ogre
  3046 | D:4      | Killed an ogre
  3047 | D:4      | Reached XP level 6. HP: 38/38 MP: 5/7
  3525 | D:5      | Entered Level 5 of the Dungeon
  3529 | D:5      | Found a hide-covered altar of Uskayaw.
  3601 | D:5      | Found a broken altar of Ashenzari.
  3798 | D:5      | Noticed Menkaure
  3802 | D:5      | Reached skill level 5 in Hexes
  3822 | D:5      | Killed Menkaure
  3823 | D:5      | Reached skill level 5 in Ranged Weapons
  3982 | D:5      | Got the Collected Works on Minerals
  4110 | D:5      | Reached XP level 7. HP: 28/43 MP: 8/8
  4203 | D:5      | Learned a level 3 spell: Confusing Touch
  4565 | D:6      | Slain by a wyvern zombie

Illustrated notes

Levels and vault maps discovered:
D:1:      mrwooster_arrival_statue_3, layout_loops_corners
D:2:      layout_loops_ring, chequers_ecumenical_altar_simple_redux,
          minmay_tromino_v4_a
D:3:      layout_basic, minmay_starry_boxes
D:4:      layout_basic
D:5:      layout_basic, nicolae_uskayaw_dance_hall,
          nicolae_ashenzari_panopticon, serial_bayou_pond_a, uniq_menkaure
D:6:      layout_loops_ring, nzn_overflow_gifts_of_might_and_magic,
          kennysheep_little_box, chequers_temple_overflow_statue_of_worship,
          minmay_temple_entry_mist, serial_undead, serial_undead_a,
          serial_undead_a, serial_undead_b, serial_undead_b,
          minmay_misc_feat_secret_circle, minmay_misc_feat_alley

Skill      XL: |  1  2  3  4  5  6 |
---------------+-------------------+-----
Hexes          | 4 5 |  5.6
Ranged Weapons | 3 4 5 |  5.8
Translocations | 1 2 3 |  3.6
Fighting       | |  1.2
Dodging        | |  2.1
Spellcasting   | |  1.1

Action                     |  1- 3 |  4- 6 |  7- 9 || total
---------------------------+-------+-------+-------++-------
   Fire: Sling             |   149 |    23 |       ||   172
         Longbow           |       |   133 |    27 ||   160
   Cast: Slow              |     5 |     1 |       ||     6
Ability: Hop               |     2 |     3 |     1 ||     6
    Use: Scroll            |     2 |     5 |     1 ||     8
         Potion            |     1 |       |     1 ||     2
 Armour: Robe              |    21 |     5 |       ||    26
         Leather armour    |       |     4 |     3 ||     7
  Dodge: Dodged            |    56 |    34 |    18 ||   108

Table legend: (Time is in decaauts)
 A = Elapsed time spent in this place.
 B = Non-inter-level travel time spent in this place.
 C = Inter-level travel time spent in this place.
 D = Time resting spent in this place.
 E = Time spent auto-exploring this place.
 F = Levels seen in this place.
 G = Mean time per level.
                   A        B        C        D        E       F      G
               +--------+--------+--------+--------+--------+-----+--------+
         Total |   5385 |   4993 |    392 |    133 |   4085 |   6 |  897.5 |
       Dungeon |   5385 |   4993 |    392 |    133 |   4085 |   6 |  897.5 |
               +--------+--------+--------+--------+--------+-----+--------+

Top non-repeatable levels by time:
     D:3: 1344 daAuts
     D:1: 1252 daAuts
     D:5: 1109 daAuts
     D:2: 946 daAuts
     D:4: 627 daAuts
     D:6: 104 daAuts
